 Dungeon Crawl Stone Soup version 0.24-a0-381-g637bb3806f (webtiles) character file.

Game seed: 4374551661740978008

57 Ijustatesigmund the Cudgeler (level 4, -2/31 HPs)
             Began as an Octopode Fighter on June 3, 2019.
             Slain by a gnoll
             ... wielding a +0 halberd
              (10 damage)
             ... on level 2 of the Dungeon.
             The game lasted 00:02:14 (1252 turns).

Ijustatesigmund the Cudgeler (Octopode Fighter)     Turns: 1252, Time: 00:02:15

Health: -2/31      AC:  2    Str: 20    XL:     4   Next: 0%
Magic:  4/4        EV: 17    Int: 10    God:
Gold:   17         SH: 10    Dex: 17    Spells: 3/3 levels left

rFire    . . .     SeeInvis .   a - +1 flail
rCold    . . .     Gourm    .   b - +1 shield
rNeg     . . .     Faith    .   g - +1 hat
rPois    .         Spirit   .   (no amulet)
rElec    .         Reflect  .   (no ring)
rCorr    .         Harm     .   (no ring)
MR       .....                  (no ring)
Stlth    ++++......             (no ring)
HPRegen  0.10/turn              (no ring)
MPRegen  0.09/turn              (no ring)
                                (no ring)
                                (no ring)

@: mighty, agile
A: almost no armour, stealthy swim, amphibious, 8 rings, constrict 8, camouflage
1, gelatinous body 1
a: no special abilities


You were on level 2 of the Dungeon.
You were not hungry.

You visited 1 branch of the dungeon, and saw 2 of its levels.

You collected 17 gold pieces.

Inventory:

Hand Weapons
 a - a +1 flail (weapon)
Armour
 b - a +1 shield (worn)
 g - a +1 hat (worn)
Scrolls
 e - a scroll of immolation {unknown}
Potions
 c - a potion of might
Comestibles
 d - 4 rations


   Skills:
 - Level 3.0 Fighting
 + Level 4.1 Maces & Flails
 - Level 3.0 Dodging
 - Level 3.0 Shields


You had 3 spell levels left.
You didn't know any spells.
Your spell library was empty.

Dungeon Overview and Level Annotations

Branches:
Dungeon (2/15)

Altars:


Innate Abilities, Weirdness & Mutations

You cannot wear most types of armour.
You are very stealthy in the water. (Stealth+)
You are amphibious.
You can wear up to eight rings at the same time.
You can use your tentacles to constrict eight enemies at once.
Your skin changes colour to match your surroundings (Stealth+).
Your rubbery body absorbs attacks. (AC +1, EV +1)


Message History

You feel very mighty all of a sudden.
The gnoll shouts!
You block the gnoll's attack. The gnoll misses you.
The gnoll hits you from afar with a +0 halberd!
Ouch! That really hurt!
You sock the gnoll!
You kill the gnoll!
You block the gnoll's attack.
The gnoll hits you from afar with a +0 halberd.
* * * LOW HITPOINT WARNING * * *
You sock the gnoll!
You kill the gnoll!
Your Maces & Flails skill increases to level 4!
You have reached level 4!
The gnoll completely misses you. The gnoll misses you.
It was a potion of agility.
You feel agile all of a sudden. The gnoll closely misses you.
The gnoll barely misses you. The gnoll hits you with a +0 halberd!
You die...

.........#
#########.#
.#.......#
#######.........#
.#.......#
#.....#.#########
.#.......#
####'###.#.###.....
.#.......#
#.....##.#.........
.+.......#
#.....##.#..##.###..
##.......#
#.....##............
##.......#
####'######.#######.
##.......# #@# #...
########## #.gg.#
##### # #....+ # .
#....# ####.. #....#
.....[ #....# ......
#..<.# .....# #....'
.....#


You could see 2 gnolls.

Vanquished Creatures
  2 gnolls (D:2)
  A worm (D:2)
  3 dart slugs (D:1)
  An orc (D:2)
  4 giant cockroaches (D:1)
  2 goblins (D:1)
  4 hobgoblins
  2 jackals (D:1)
  2 bats (D:1)
  2 frilled lizards (D:1)
  2 kobolds (D:1)
  3 rats (D:1)
28 creatures vanquished.

Notes
Turn   | Place    | Note
-------+----------+-------------------------------------------
     0 | D:1      | Ijustatesigmund the Octopode Fighter began the quest for
                  | the Orb.
     0 | D:1      | Reached XP level 1. HP: 16/16 MP: 1/1
   246 | D:1      | Reached XP level 2. HP: 21/21 MP: 2/2
   332 | D:1      | Reached skill level 3 in Maces & Flails
   446 | D:1      | Reached XP level 3. HP: 26/26 MP: 3/3
  1250 | D:2      | Reached skill level 4 in Maces & Flails
  1250 | D:2      | Reached XP level 4. HP: 8/31 MP: 4/4
  1252 | D:2      | Slain by a gnoll

Levels and vault maps discovered:
D:1:      ncdulo_watergridlock, layout_basic
D:2:      layout_basic, fedhas_altar_1, chequers_ecumenical_altar_simple_redux

Skill      XL: |  1  2  3 |
---------------+----------+-----
Maces & Flails | 3 4 |  4.1
Fighting       | |  3.0
Dodging        | |  3.0
Shields        | |  3.0

Action                   |  1- 3 |  4- 6 || total
-------------------------+-------+-------++-------
Melee: Flail             |    43 |       ||    43
       Constrict         |    12 |       ||    12
       Tentacles         |     8 |       ||     8
  Use: Scroll            |     4 |       ||     4
       Potion            |     2 |     1 ||     3
 Stab: Sleeping          |     5 |       ||     5
  Eat: Chunk             |     1 |       ||     1
Armor: Skin              |     1 |       ||     1
Dodge: Dodged            |    15 |     4 ||    19
Block: Shield            |    15 |       ||    15

Table legend:
 A = Non-vault XP
 B = Vault XP
 C = Vault XP percentage of total XP
 D = Non-vault monster count
 E = Vault monster count
 F = Vault count percentage of total count
                 A         B        C        D         E       F
            +---------+---------+-------+---------+---------+-------
      Total |      82 |       0 |   0.0 |      28 |       0 |   0.0
            +---------+---------+-------+---------+---------+-------
        D:1 |      44 |       0 |   0.0 |      23 |       0 |   0.0
        D:2 |      38 |       0 |   0.0 |       5 |       0 |   0.0
            +---------+---------+-------+---------+---------+-------
